Map: Odyssey LE

Players

Creature

  • Race: Protoss Protoss
  • Spawn Location: 5:00

HuShang - Winner!

  • Race: Protoss Protoss
  • Spawn Location: 11:00

Event: WCS Montreal 2017

VOD

Have the link to the VOD?

Description

Time

  • Played on: Sept. 8, 2017, 1:29 p.m.
  • Length: 8:26

All games in this series

Show
View Real Time Build Order
Export as new Build Order

Creature Protoss 

Build Orders: Blink Stalkers 

Get SALT Encoding   

  12  0:00  Probe (Chrono Boost)  
  13  0:11  Probe (Chrono Boost)  
  14  0:18  Pylon  
  14  0:22  Probe (Chrono Boost)  
  15  0:36  Probe (Chrono Boost)  
  15  0:37  Gateway  
  16  0:46  Probe (Chrono Boost)  
  16  0:48  Assimilator  
  17  0:53  Assimilator  
  18  0:57  Probe (Chrono Boost)  
  18  1:03  Gateway  
  18  1:07  Probe (Chrono Boost)  
  19  1:18  Probe (Chrono Boost)  
  20  1:24  Cybernetics Core  
  20  1:29  Probe (Chrono Boost)  
  20  1:31  Pylon  
  21  1:39  Probe (Chrono Boost)  
  22  1:50  Probe (Chrono Boost)  
  23  2:00  Adept x2, Warp Gate (Chrono Boost)  
  27  2:04  Mothership Core (Chrono Boost)  
  27  2:07  Pylon  
  29  2:30  Stalker x2  
  33  2:47  Nexus  
  33  2:52  Probe  
  33  2:57  Pylon  
  34  3:02  Sentry  
  34  3:05  Probe  
  37  3:17  Twilight Council  
  37  3:18  Probe  
  38  3:30  Robotics Facility  
  38  3:32  Probe  
  39  3:44  Probe  
  38  3:56  Probe  
  38  3:58  Blink (Chrono Boost)  
  38  3:59  Probe  
  40  4:08  Probe  
  40  4:09  Probe  
  40  4:20  Probe x2  
  40  4:22  Stalker x2, Observer  
  47  4:31  Probe  
  47  4:32  Probe  
  49  4:41  Probe  
  49  4:44  Probe, Gateway  
  49  4:45  Gateway  
  51  4:52  Probe  
  51  4:56  Probe  
  53  5:04  Probe  
  53  5:05  Nexus  
  53  5:06  Pylon  
  54  5:07  Sentry  
  54  5:08  Sentry  
  54  5:13  Assimilator  
  58  5:15  Assimilator  
  58  5:17  Probe  
  58  5:18  Pylon  
  58  5:19  Probe  
  60  5:24  Observer (Chrono Boost)  
  61  5:29  Probe  
  61  5:31  Probe  
  61  5:32  Pylon  
  63  5:41  Probe  
  63  5:42  Probe  
  64  5:45  Immortal (Chrono Boost)  
  69  5:52  Probe  
  69  5:54  Probe  
  69  5:57  Charge  
  71  5:58  Zealot  
  71  6:00  Adept  
  71  6:02  Probe  
  76  6:06  Probe  
  76  6:10  Gateway  
  77  6:12  Forge, Gateway  
  77  6:13  Probe  
  77  6:16  Stalker  
  80  6:22  Stalker  
  80  6:38  Stalker x2  
  84  6:40  Immortal (Chrono Boost)  
  84  6:47  Stalker x2  
  86  6:57  Probe  
  86  6:59  Probe  
  86  7:00  Probe  
  88  7:04  Stalker x2, Pylon  
  93  7:09  Probe  
  93  7:10  Probe, Stalker  
  93  7:11  Stalker x2  
  93  7:14  Stalker  
  83  7:23  Immortal (Chrono Boost)  
  83  7:27  Stalker  
  83  7:28  Stalker  
  80  7:31  Mothership Core  
  80  7:35  Stalker  
  79  7:39  Stalker x2  
  74  7:46  Zealot x2  
  75  7:53  Stalker x2  
  75  7:57  Pylon  
  61  8:05  Pylon  
  61  8:10  Zealot x4  
  65  8:19  Stalker x2  
  66  8:22  Pylon  
Show
View Real Time Build Order
Export as new Build Order

HuShang Protoss - Winner!

Build Orders: Blink Stalkers 

Get SALT Encoding   

  12  0:01  Probe (Chrono Boost)  
  13  0:11  Probe (Chrono Boost)  
  14  0:21  Pylon  
  14  0:22  Probe (Chrono Boost)  
  15  0:39  Probe (Chrono Boost)  
  15  0:40  Gateway  
  16  0:43  Assimilator  
  16  0:50  Probe (Chrono Boost)  
  17  0:59  Assimilator  
  17  1:00  Probe (Chrono Boost)  
  18  1:09  Gateway  
  19  1:11  Probe (Chrono Boost)  
  19  1:22  Probe (Chrono Boost)  
  20  1:27  Cybernetics Core  
  20  1:32  Probe (Chrono Boost)  
  21  1:37  Pylon  
  21  1:43  Probe (Chrono Boost)  
  22  1:53  Probe (Chrono Boost)  
  23  2:03  Stalker x2  
  23  2:04  Warp Gate (Chrono Boost)  
  27  2:08  Probe  
  27  2:09  Pylon  
  28  2:21  Mothership Core  
  29  2:36  Stalker x2  
  33  2:57  Nexus  
  33  3:03  Probe  
  34  3:06  Sentry  
  36  3:15  Probe  
  37  3:24  Twilight Council  
  37  3:27  Probe  
  38  3:37  Robotics Facility  
  38  3:39  Probe (Chrono Boost)  
  39  3:59  Blink (Chrono Boost)  
  39  4:02  Pylon  
  39  4:09  Probe (Chrono Boost)  
  40  4:15  Probe (Chrono Boost)  
  41  4:19  Probe (Chrono Boost)  
  43  4:24  Observer  
  43  4:26  Probe  
  43  4:28  Phoenix  
  43  4:29  Probe  
  45  4:36  Sentry  
  45  4:37  Gateway  
  48  4:38  Probe  
  48  4:40  Probe  
  48  4:44  Gateway  
  49  4:50  Probe x2  
  51  4:58  Observer  
  52  5:01  Probe  
  52  5:02  Probe  
  54  5:11  Assimilator, Probe  
  54  5:13  Assimilator  
  55  5:14  Probe  
  55  5:19  Gateway  
  56  5:21  Gateway  
  56  5:23  Probe, Pylon  
  56  5:24  Warp Prism (Chrono Boost)  
  56  5:26  Probe  
  60  5:35  Probe  
  60  5:39  Probe  
  60  5:41  Pylon  
  62  5:47  Stalker x2  
  62  5:48  Stalker x2  
  70  6:01  Pylon x2  
  70  6:14  Stalker x4  
  78  6:22  Pylon  
  78  6:34  Stalker x2  
  78  6:38  Stalker x4  
  90  6:59  Sentry  
  92  7:01  Stalker x2  
  92  7:02  Stalker x3  
  92  7:07  Pylon  
  92  7:08  Pylon  
  92  7:26  Stalker x5  
  92  7:28  Stalker  
  92  7:51  Stalker x5  
  102  7:54  Stalker  
  104  8:00  Observer (Chrono Boost)  
  103  8:20  Pylon  
  103  8:21  Nexus  
  103  8:22  Stalker x2  
Tags
 
Add a new tag
Caveats
  • Supply blocks, unpowered buildings, or Contaminate may cause inaccurate times.
  • Supply counts are checked every 10 seconds.